Map: Pillars of Gold LE

Players

MarcoMan - Winner!

  • Race: Protoss Protoss
  • League: Master
  • Spawn Location: 1:00

SPQR

  • Race: Protoss Protoss
  • League: Master
  • Spawn Location: 7:00

VOD

Have the link to the VOD?

Description

Time

  • Played on: Jan. 18, 2021, 8:05 p.m.
  • Length: 23:40
Show
View Real Time Build Order
Export as new Build Order

MarcoMan Protoss - Winner!

Build Orders:  

Get SALT Encoding   

  12  0:01  Probe  
  13  0:13  Probe  
  14  0:18  Pylon  
  14  0:25  Probe  
  15  0:37  Probe  
  15  0:40  Gateway  
  16  0:49  Probe  
  17  0:51  Assimilator  
  17  1:01  Probe  
  17  1:03  Assimilator  
  18  1:13  Probe  
  18  1:16  Gateway  
  19  1:25  Probe  
  19  1:30  Cybernetics Core  
  20  1:37  Probe  
  21  1:43  Pylon  
  21  1:55  Probe  
  22  2:06  Adept x2 (Chrono Boost)  
  22  2:10  Warp Gate  
  28  2:31  Pylon  
  28  2:35  Stalker (Chrono Boost)  
  28  2:37  Stalker (Chrono Boost)  
  30  3:17  Nexus  
  30  3:27  Stargate  
  30  3:36  Probe  
  31  3:48  Probe  
  32  4:00  Probe  
  32  4:02  Shield Battery  
  29  4:11  Phoenix (Chrono Boost)  
  29  4:12  Probe  
  32  4:24  Probe  
  32  4:28  Shield Battery  
  33  4:31  Phoenix  
  33  4:36  Probe  
  36  4:43  Stalker  
  38  4:47  Stalker  
  37  5:11  Stalker x2  
  39  5:19  Phoenix (Chrono Boost)  
  40  5:23  Probe x2  
  42  5:35  Phoenix (Chrono Boost)  
  42  5:38  Probe  
  42  5:39  Probe  
  42  5:48  Stalker x2  
  46  5:51  Probe  
  44  5:57  Phoenix (Chrono Boost)  
  46  6:10  Probe x2  
  46  6:15  Phoenix  
  48  6:22  Shield Battery, Probe x2  
  50  6:33  Pylon  
  50  6:34  Probe x2  
  52  6:46  Probe x2, Robotics Facility  
  54  7:01  Probe x2  
  56  7:03  Stalker x2, Assimilator  
  60  7:12  Gateway x2  
  60  7:15  Probe  
  61  7:33  Probe  
  62  7:37  Pylon  
  62  7:45  Pylon  
  62  7:46  Assimilator  
  62  7:51  Forge  
  62  7:53  Immortal (Chrono Boost)  
  62  7:57  Shield Battery  
  66  8:07  Stalker  
  66  8:10  Sentry x2  
  72  8:25  Observer  
  73  8:27  Robotics Bay  
  73  8:28  Probe x2  
  75  8:40  Nexus  
  75  8:41  Pylon  
  75  8:53  Photon Cannon  
  75  8:56  Photon Cannon  
  75  8:58  Observer (Chrono Boost)  
  75  9:01  Pylon  
  76  9:10  Photon Cannon  
  76  9:11  Shield Battery, Probe x2  
  76  9:13  Colossus (Chrono Boost), Pylon  
  78  9:23  Probe x2  
  86  9:35  Probe  
  87  9:38  Stalker  
  87  9:39  Stalker x2  
  87  10:02  Stalker  
  87  10:03  Stalker x2  
  87  10:05  Stalker  
  87  10:07  Shield Battery  
  95  10:08  Disruptor (Chrono Boost)  
  98  10:18  Shield Battery  
  98  10:19  Shield Battery  
  98  10:21  Pylon  
  98  10:33  Stalker x3  
  100  10:44  Stalker  
  100  10:45  Probe x2  
  100  10:46  Probe  
  105  10:57  Probe x2  
  107  10:58  Probe  
  108  11:09  Gateway, Probe x2  
  108  11:10  Pylon, Probe  
  111  11:21  Probe  
  112  11:27  Pylon, Probe x2  
  114  11:33  Photon Cannon, Probe  
  114  11:34  Protoss Ground Weapons Level 1  
  114  11:35  Twilight Council  
  114  11:39  Probe x2  
  121  11:40  Immortal  
  121  11:45  Probe  
  118  11:51  Probe x2  
  116  11:57  Probe  
  116  11:59  Stalker x3  
  123  12:03  Probe  
  123  12:04  Photon Cannon  
  123  12:07  Assimilator  
  124  12:13  Assimilator  
  124  12:17  Templar Archives  
  124  12:22  Immortal  
  127  12:45  Pylon  
  127  12:47  Pylon  
  127  12:49  Pylon  
  117  13:14  Probe  
  93  13:27  Nexus  
  93  13:31  Charge, Pylon  
  93  13:32  High Templar x3  
  93  13:33  High Templar x2  
  93  13:34  Pylon  
  101  13:38  Archon x2, Dark Shrine  
  101  13:39  Protoss Ground Weapons Level 2 (Chrono Boost)  
  105  14:00  Pylon  
  105  14:06  High Templar x3  
  105  14:07  Immortal (Chrono Boost), High Templar  
  113  14:10  Archon  
  113  14:11  Archon  
  112  14:18  Probe x2  
  112  14:21  Void Ray  
  114  14:29  Gateway  
  114  14:30  Gateway  
  114  14:31  Zealot  
  120  14:33  Probe  
  120  14:34  Probe  
  120  14:37  Warp Prism (Chrono Boost)  
  122  14:41  High Templar x4  
  122  14:45  Archon x2  
  132  14:50  Probe  
  132  14:52  Dark Templar  
  135  14:55  Nexus  
  135  14:57  Pylon  
  134  15:19  Zealot x3  
  134  15:20  Zealot  
  142  15:26  Pylon  
  142  15:27  Pylon  
  142  15:42  Zealot x4  
  150  15:44  Protoss Ground Weapons Level 3 (Chrono Boost)  
  148  16:02  Shadow Stride  
  148  16:09  Zealot  
  148  16:10  Zealot x4  
  158  16:20  Nexus  
  158  16:21  Pylon  
  158  16:32  Pylon  
  158  16:46  Zealot  
  158  16:47  Zealot x3  
  152  16:48  Zealot x3  
  152  16:49  Warp Prism (Chrono Boost)  
  164  17:01  Photon Cannon  
  164  17:02  Blink (Chrono Boost)  
  164  17:04  Photon Cannon  
  164  17:10  Photon Cannon  
  164  17:13  Assimilator  
  162  17:39  Assimilator  
  162  17:40  Shield Battery  
  162  17:53  Zealot  
  162  17:54  Zealot x5  
  174  18:03  Stargate  
  174  18:05  Fleet Beacon  
  174  18:26  Stargate  
  174  18:36  High Templar  
  174  18:37  High Templar x5  
  174  18:38  Protoss Air Weapons Level 1 (Chrono Boost)  
  186  18:43  Archon x2  
  186  18:44  Archon  
  186  18:45  Pylon  
  186  18:50  Zealot  
  186  18:51  Nexus  
  188  19:02  Nexus  
  188  19:05  Pylon  
  188  19:07  Pylon  
  188  19:08  Protoss Shields Level 1  
  188  19:09  Carrier x2 (Chrono Boost)  
  180  19:10  Carrier (Chrono Boost)  
  198  19:18  Dark Templar  
  200  19:36  Photon Cannon  
  200  19:38  Photon Cannon  
  182  20:08  Carrier x2 (Chrono Boost)  
  182  20:09  Carrier (Chrono Boost)  
  146  21:06  Carrier x2 (Chrono Boost)  
  146  21:10  Zealot, Carrier (Chrono Boost)  
  146  21:11  Zealot x3, Dark Templar  
  146  21:45  Assimilator  
  146  21:47  Assimilator  
  146  21:50  Zealot x4  
  146  22:04  Carrier (Chrono Boost)  
  150  22:13  Nexus  
  150  22:15  Pylon  
  150  22:17  Pylon  
  150  22:20  Assimilator  
  150  22:24  Assimilator  
  150  22:25  Photon Cannon  
  150  22:28  Photon Cannon  
  150  22:30  Shield Battery, Zealot x5  
  150  22:32  Shield Battery  
  150  22:35  Shield Battery, Carrier (Chrono Boost)  
  160  22:37  Shield Battery, Carrier (Chrono Boost)  
  160  22:44  Photon Cannon  
  172  22:46  Photon Cannon  
  172  22:48  Photon Cannon  
  172  22:51  Zealot x4  
  174  22:52  Zealot x3  
  162  23:28  Zealot x5  
  162  23:33  Photon Cannon  
  172  23:35  Shield Battery  
  172  23:37  Shield Battery  
Show
View Real Time Build Order
Export as new Build Order

SPQR Protoss 

Build Orders:  

Get SALT Encoding   

  12  0:00  Probe  
  13  0:15  Pylon  
  13  0:17  Probe  
  14  0:29  Probe  
  15  0:35  Gateway  
  15  0:41  Probe (Chrono Boost)  
  16  0:54  Assimilator, Probe (Chrono Boost)  
  17  0:59  Assimilator, Probe (Chrono Boost)  
  18  1:08  Probe  
  19  1:11  Pylon  
  19  1:23  Cybernetics Core  
  19  1:24  Probe  
  20  1:36  Probe  
  21  1:48  Probe  
  22  1:57  Stalker (Chrono Boost)  
  22  2:00  Warp Gate  
  22  2:01  Probe  
  25  2:16  Stargate  
  25  2:21  Gateway  
  25  2:22  Stalker (Chrono Boost)  
  27  2:54  Nexus  
  27  3:00  Shield Battery  
  27  3:05  Stalker  
  29  3:15  Stalker  
  31  3:29  Pylon  
  30  3:56  Stalker  
  29  4:13  Probe  
  30  4:18  Probe  
  30  4:19  Oracle  
  31  4:25  Probe (Chrono Boost)  
  31  4:26  Stalker  
  36  4:32  Probe (Chrono Boost)  
  36  4:37  Probe (Chrono Boost)  
  37  4:40  Stalker  
  37  4:42  Probe (Chrono Boost)  
  37  4:44  Probe (Chrono Boost)  
  39  5:01  Probe  
  39  5:02  Probe  
  39  5:09  Stalker x2  
  40  5:21  Probe x2  
  41  5:33  Probe x2  
  39  5:49  Stalker x2  
  43  5:53  Pylon  
  43  5:55  Pylon  
  36  6:14  Twilight Council  
  36  6:17  Gateway x2  
  35  6:18  Probe  
  35  6:19  Probe  
  36  6:31  Probe  
  36  6:32  Probe  
  38  6:35  Stalker  
  38  6:38  Stalker  
  42  6:44  Probe x2  
  44  6:50  Shield Battery  
  44  6:56  Blink (Chrono Boost), Probe x2  
  43  7:08  Probe (Chrono Boost)  
  44  7:12  Probe (Chrono Boost)  
  45  7:18  Probe (Chrono Boost)  
  45  7:20  Stalker  
  45  7:21  Stalker  
  50  7:23  Probe (Chrono Boost)  
  50  7:27  Pylon  
  51  7:32  Probe  
  51  7:33  Probe  
  53  7:38  Dark Shrine  
  53  7:44  Probe  
  53  7:48  Probe  
  53  7:49  Robotics Facility  
  53  7:50  Pylon  
  54  7:57  Stalker x2  
  58  8:07  Probe x2  
  60  8:15  Assimilator  
  60  8:19  Pylon, Probe  
  61  8:20  Stalker x2, Assimilator  
  65  8:29  Stalker  
  67  8:36  Observer  
  67  8:39  Probe x2  
  62  8:52  Pylon  
  62  8:56  Stalker x2  
  62  8:58  Probe (Chrono Boost), Observer  
  62  9:00  Pylon  
  69  9:03  Probe (Chrono Boost)  
  69  9:08  Probe (Chrono Boost)  
  72  9:20  Gateway, Nexus  
  70  9:26  Forge  
  70  9:35  Stalker x2  
  63  10:00  Stalker x4  
  69  10:11  Probe x2  
  71  10:17  Dark Templar  
  73  10:23  Stalker x2, Probe  
  63  10:38  Stalker x2  
  63  10:56  Stalker x3  
  69  11:04  Probe x3  
  72  11:17  Stalker x2  
  76  11:22  Probe x3  
  77  11:31  Immortal  
  77  11:32  Protoss Ground Weapons Level 1 (Chrono Boost)  
  81  11:40  Probe x3  
  83  11:54  Probe x2  
  85  11:57  Probe  
  85  12:00  Robotics Facility  
  86  12:04  Pylon, Void Ray  
  86  12:06  Probe x2  
  92  12:19  Pylon  
  92  12:25  Immortal, Nexus  
  92  12:27  Pylon  
  88  12:46  Dark Templar  
  88  12:47  Dark Templar x3  
  88  12:50  Archon  
  88  12:51  Archon  
  66  13:31  Immortal x2  
  74  13:41  Probe (Chrono Boost)  
  74  13:44  Dark Templar x2  
  74  13:45  Stalker  
  74  13:46  Zealot  
  83  13:51  Probe (Chrono Boost)  
  84  13:56  Probe (Chrono Boost)  
  85  14:08  Probe, Nexus  
  86  14:19  Immortal (Chrono Boost)  
  86  14:20  Probe  
  86  14:22  Immortal (Chrono Boost)  
  86  14:23  Protoss Ground Weapons Level 2 (Chrono Boost)  
  95  14:32  Pylon  
  95  14:35  Probe x2  
  97  14:40  Assimilator  
  97  14:55  Gateway, Immortal (Chrono Boost)  
  97  14:57  Shield Battery  
  101  15:06  Void Ray  
  101  15:09  Immortal (Chrono Boost)  
  109  15:15  Probe  
  109  15:16  Probe x2  
  109  15:20  Probe  
  113  15:26  Observer (Chrono Boost)  
  113  15:28  Probe  
  115  15:31  Assimilator  
  115  15:33  Probe  
  115  15:34  Zealot x4  
  121  15:45  Photon Cannon  
  121  15:48  Photon Cannon  
  117  15:53  Probe (Chrono Boost), Photon Cannon  
  118  16:01  Robotics Bay  
  118  16:03  Probe x2 (Chrono Boost)  
  122  16:11  Probe (Chrono Boost)  
  122  16:13  Probe (Chrono Boost)  
  122  16:16  Probe (Chrono Boost)  
  123  16:19  Pylon  
  123  16:23  Void Ray, Probe (Chrono Boost)  
  123  16:25  Observer, Probe (Chrono Boost)  
  126  16:28  Probe (Chrono Boost)  
  131  16:33  Dark Templar x2  
  134  16:40  Protoss Ground Armor Level 1 (Chrono Boost)  
  131  16:48  Probe  
  131  16:49  Probe  
  131  16:50  Probe x2  
  131  16:53  Colossus (Chrono Boost)  
  135  16:56  Colossus (Chrono Boost)  
  147  17:18  Photon Cannon  
  147  17:21  Pylon  
  144  17:22  Pylon  
  144  17:23  Nexus  
  138  17:32  Archon  
  138  17:36  Colossus (Chrono Boost)  
  138  17:43  Extended Thermal Lance (Chrono Boost)  
  144  17:48  Colossus (Chrono Boost)  
  150  18:03  Charge  
  150  18:05  Probe  
  151  18:06  Assimilator  
  151  18:09  Assimilator  
  151  18:17  Probe  
  152  18:24  Dark Templar x3  
  158  18:30  Nexus  
  158  18:32  Dark Templar  
  158  18:33  Dark Templar  
  158  18:34  Archon  
  162  18:37  Probe x2  
  162  18:39  Assimilator  
  164  18:42  Archon  
  164  18:43  Pylon  
  164  18:54  Void Ray  
  164  18:55  Probe  
  164  18:56  Probe  
  164  18:57  Probe  
  164  19:07  Photon Cannon  
  164  19:10  Photon Cannon  
  164  19:11  Pylon, Photon Cannon  
  164  19:12  Probe  
  164  19:15  Probe  
  164  19:16  Probe  
  167  19:22  Warp Prism (Chrono Boost)  
  167  19:24  Probe  
  168  19:27  Probe  
  168  19:30  Probe x2  
  173  19:36  Probe  
  174  19:39  Probe  
  174  19:44  Templar Archives  
  175  19:49  Pylon  
  172  20:19  Pylon  
  172  20:20  Pylon x2  
  172  20:25  Photon Cannon  
  172  20:27  High Templar x2  
  172  20:28  High Templar x3  
  182  20:32  Archon x2  
  110  21:01  Stalker x2  
  110  21:02  Stalker x3  
  112  21:22  Dark Templar x2  
  112  21:23  Dark Templar  
  112  21:24  Dark Templar  
  120  21:37  Probe  
  120  21:39  Gateway  
  121  21:43  Gateway x2  
  121  21:45  Observer (Chrono Boost)  
  122  21:49  Probe  
  122  21:50  High Templar x4  
  122  21:53  Archon  
  131  21:54  Archon  
  131  22:06  Stalker  
  131  22:07  Probe  
  134  22:08  Probe x2  
  134  22:09  Probe  
  137  22:19  Probe  
  137  22:20  Probe  
  137  22:21  Probe  
  137  22:22  Photon Cannon  
  140  22:33  Stalker x3  
  140  22:34  Stalker x3  
  152  22:37  Nexus  
  152  22:40  Pylon  
  152  22:41  Pylon  
  149  22:58  Zealot x2  
  149  22:59  Zealot x2  
  151  23:11  Stalker x4  
Tags
 
Matchup
PvP
Replay Pack
Weekend
Spawn Locations
Cross Positions
Add a new tag
Caveats
  • Supply blocks, unpowered buildings, or Contaminate may cause inaccurate times.
  • Supply counts are checked every 10 seconds.